 Dungeon Crawl Stone Soup version 0.30-a0-170-g85af917532 (webtiles) character file.

Game seed: 13903697640612351303

452 RepoMan the Poker (level 6, -6/47 HPs)
             Began as a Mummy Fighter on Oct 1, 2022.
             Mangled by an ogre
             ... wielding a +0 giant club
              (30 damage)
             ... on level 4 of the Dungeon.
             The game lasted 00:13:18 (3136 turns).

RepoMan the Poker (Mummy Fighter)                   Turns: 3136, Time: 00:13:19

Health: -6/47      AC:  7    Str: 22    XL:     6   Next: 75%
Magic:  6/6        EV:  9    Int:  7    God:
Gold:   172        SH:  0    Dex: 11    Spells: 5/5 levels left

rFire   x . .      SeeInvis .    p - +0 halberd
rCold   + . .      Faith    +    (shield currently unavailable)
rNeg    + + +      Spirit   .    b - +0 scale mail
rPois   ∞          Reflect  .    f - +0 helmet
rElec   .          Harm     .    (no cloak)
rCorr   .          Rampage  .    (no gloves)
Will    .....                    (no boots)
Stlth   ..........               (no amulet)
HPRegen 0.15/turn                (no ring)
MPRegen 0.10/turn                (no ring)

@: no status effects
A: cold resistance 1, negative energy resistance 3, torment resistance 2, heat
vulnerability 1, in touch with death 1, no potions, faith
a: no special abilities


You were on level 4 of the Dungeon.
You visited 1 branch of the dungeon, and saw 4 of its levels.

You collected 172 gold pieces.

Inventory:

Hand Weapons
 a - a +0 trident
 p - a +0 halberd (weapon)
Missiles
 d - 21 stones (quivered)
Armour
 b - a +0 scale mail (worn)
 c - a +0 buckler
 f - a +0 helmet (worn)
Wands
 n - a wand of roots (1)
Scrolls
 e - a scroll of vulnerability
 g - a scroll of silence
 h - a scroll of teleportation
 i - a scroll of enchant armour {unknown}
 j - a scroll of brand weapon {unknown}
 k - a scroll of torment {unknown}
 m - a scroll of magic mapping {unknown}
 o - a scroll of acquirement {unknown}


   Skills:
 - Level 3.0 Fighting
 + Level 6.1 Polearms
 - Level 2.4 Armour
 - Level 2.4 Shields


You had 5 spell levels left.
You didn't know any spells.
Your spell library contained the following spells:

 Spells                   Type           Power      Damage    Failure   Level
 Kiss of Death            Conj/Necr      0%         2d5       77%         1
 Cigotuvi's Dreadful Rot  Necr/Pois/Air  0%         N/A       88%         2
 Poisonous Vapours        Pois/Air       0%         N/A       88%         2
 Confusing Touch          Hex            0%         N/A       98%         3
 Dispel Undead            Necr           0%         3d6       100%        4


Dungeon Overview and Level Annotations

Branches:
Dungeon (4/15)
 Temple: D:4-7

Altars:


Innate Abilities, Weirdness & Mutations

You are immune to poison.
Your flesh is cold resistant. (rC+)
You are immune to negative energy. (rN+++)
You are immune to unholy pain and torment.
You are vulnerable to heat. (rF-)
You are in touch with the powers of death.
You do not drink.
You have a special connection with the divine. (Faith)


Message History

The puff of flame hits you! The fire burns you terribly!
* * * LOW HITPOINT WARNING * * *
Aiming: Fastroot
Press: ? - help, Shift-Dir - straight line, f - you The roots erupt in riotous growth!
Something hits you but does no damage.
Unknown command.
You miss something.
Something hits you but does no damage. x2
You puncture something!
Reactivating autopickup.
You feel a bit more experienced.
Things that are here:
a +0 dagger; a +0 robe You start resting.
An ogre is nearby!
Throw: dart (poison)
Press: ? - help, Shift-Dir - straight line, f - ogre
Aim: an ogre, wielding a +0 giant club (wandering, hasn't noticed you, 72% to hit)
You throw a poisoned dart. The poisoned dart hits the ogre.
The ogre is poisoned.
The ogre shouts!
Aiming: Fastroot
Press: ? - help, Shift-Dir - straight line, f/p - ogre
Aim: an ogre, wielding a +0 giant club (moderately wounded, poisoned)
The roots erupt in riotous growth!
Roots grab the ogre.
The grasping roots constrict the ogre.
The ogre struggles to escape constriction.
Reach: p) +0 halberd
Press: ? - help, Dir - move target, f/p - ogre
Aim: an ogre, wielding a +0 giant club (moderately wounded, poisoned, constricted by roots, about 8% to evade your +0 halberd)
You reach to attack!
You hit the ogre.
The ogre is heavily wounded.
The grasping roots constrict the ogre.
The roots release their grip on the ogre.
You puncture the ogre!
The ogre is almost dead.
The ogre looks more healthy.
The ogre hits you with a +0 giant club!!
Ouch! That really hurt!
You die...

#.....>.....#
#...(.......#
#...........#
#..........#
#.........#
##.........#
#..........#
#..#.))O...#
#..##)...@.##
#.. ########
#..# #o. .o.
... ##..


You could see an ogre.

Vanquished Creatures
  Grinder (D:3)
  Ijyb (D:3)
  An iguana (D:4)
  2 orc wizards (D:4)
  6 gnolls
  5 adders
  2 dart slugs (D:1)
  5 orcs
  4 ball pythons
  3 bats (D:3)
  3 endoplasms
  A giant cockroach (D:3)
  A goblin (D:3)
  6 hobgoblins
  3 quokkas
  4 frilled lizards
  5 kobolds
53 creatures vanquished.

Notes
Turn   | Place    | Note
-------+----------+-------------------------------------------
     0 | D:1      | RepoMan the Mummy Fighter began the quest for the Orb.
     0 | D:1      | Reached XP level 1. HP: 18/18 MP: 1/1
    87 | D:1      | Found a faded altar of an unknown god.
   145 | D:1      | Reached skill level 2 in Polearms
   299 | D:1      | Reached XP level 2. HP: 24/24 MP: 2/2
   840 | D:2      | Reached skill level 3 in Polearms
   840 | D:2      | Gained mutation: You are in touch with the powers of death.
                  | [Mummy growth]
   840 | D:2      | Reached XP level 3. HP: 25/29 MP: 3/3
  1453 | D:2      | Reached XP level 4. HP: 34/35 MP: 4/4
  1652 | D:3      | Noticed Ijyb
  1661 | D:3      | Killed Ijyb
  1662 | D:3      | Reached skill level 4 in Polearms
  1679 | D:3      | Noticed Grinder
  1697 | D:3      | Killed Grinder
  1698 | D:3      | Reached skill level 5 in Polearms
  1698 | D:3      | Reached XP level 5. HP: 37/41 MP: 5/5
  1698 | D:3      | Reached XP level 6. HP: 42/47 MP: 6/6
  2806 | D:4      | Reached skill level 6 in Polearms
  3136 | D:4      | Mangled by an ogre

Illustrated notes

Levels and vault maps discovered:
D:1:      dpeg_arrival_tiny_i, layout_basic, ebering_ecumenical_altar_ruins
D:2:      minmay_evil_eye, layout_basic, chequers_serial_rivers_room_a,
          minmay_liquid_box
D:3:      layout_rooms, kennysheep_generic_room_14, uniq_ijyb, uniq_grinder
D:4:      layout_cave_pods, nicolae_hepliaklqana_monster_ancestors,
          minmay_fractal_squares_gapless_5

Skill      XL: |  1  2  3  4  5  6 |
---------------+-------------------+-----
Polearms       | 2 3 5 6 |  6.1
Fighting       | |  3.0
Armour         | |  2.4
Shields        | |  2.4

Action                   |  1- 3 |  4- 6 || total
-------------------------+-------+-------++-------
Melee: Trident           |   110 |    78 ||   188
       Halberd           |       |    56 ||    56
Throw: Stone             |     7 |    15 ||    22
       Dart              |       |    10 ||    10
Evoke: Wand              |       |     7 ||     7
  Use: Scroll            |     2 |     1 ||     3
Armor: Scale mail        |    46 |    53 ||    99
Dodge: Dodged            |    44 |    43 ||    87
Block: Buckler           |    15 |    25 ||    40

Table legend: (Time is in decaauts)
 A = Elapsed time spent in this place.
 B = Non-inter-level travel time spent in this place.
 C = Inter-level travel time spent in this place.
 D = Time resting spent in this place.
 E = Time spent auto-exploring this place.
 F = Levels seen in this place.
 G = Mean time per level.
                   A        B        C        D        E       F      G
               +--------+--------+--------+--------+--------+-----+--------+
         Total |   3184 |   3011 |    173 |    819 |   1174 |   4 |  796.0 |
       Dungeon |   3184 |   3011 |    173 |    819 |   1174 |   4 |  796.0 |
               +--------+--------+--------+--------+--------+-----+--------+

Top non-repeatable levels by time:
     D:3: 956 daAuts
     D:2: 931 daAuts
     D:4: 810 daAuts
     D:1: 486 daAuts
